 Dungeon Crawl Stone Soup version 0.29.1-1-gd02db6906a (webtiles) character file.

Game seed: 11345143044923313202

20 MisterFreud the Ducker (level 2, -4/14 HPs)
             Began as a Felid Berserker on Sept 19, 2022.
             Was a Follower of Trog.
             Slain by a quokka (5 damage)
             ... on level 1 of the Dungeon.
             The game lasted 00:00:34 (513 turns).

MisterFreud the Ducker (Felid Berserker)             Turns: 513, Time: 00:00:34

Health: -4/14      AC:  1    Str: 13    XL:     2   Next: 58%
Magic:  3/3        EV: 18    Int:  8    God:    Trog [*.....]
Gold:   6          SH:  0    Dex: 15    Spells: 1/1 levels left
                                        Lives:  0   Deaths: 0

rFire   . . .      SeeInvis +     - Unarmed
rCold   . . .      Faith    .   (shield unavailable)
rNeg    . . .      Spirit   .   (body armour unavailable)
rPois   .          Reflect  .   (helmet unavailable)
rElec   .          Harm     .   (cloak unavailable)
rCorr   .          Rampage  .   (gloves unavailable)
Will    .....                   (boots unavailable)
Stlth   ++........              (no amulet)
HPRegen 0.04/turn               (no ring)
MPRegen 0.08/turn               (no ring)

@: quick
A: very small, claws 1, fangs 3, see invisible, speed 1, shaggy fur 1, stealthy
paws, no weapons or thrown items, no armour, multi-lived
a: Renounce Religion, Berserk


You were on level 1 of the Dungeon.
You worshipped Trog.
Trog was aware of your devotion.
You visited 1 branch of the dungeon, and saw 1 of its levels.

You collected 6 gold pieces.

Inventory:

Scrolls
 c - a scroll of identify {unknown}
Potions
 a - a potion of flight {unknown}
 b - 2 potions of lignification {unknown}


   Skills:
 - Level 3.0 Fighting
 - Level 4.0 Dodging
 + Level 2.3 Stealth
 + Level 3.5 Unarmed Combat


You had one spell level left.
You didn't know any spells.
Your spell library was empty.

Dungeon Overview and Level Annotations

Branches:
Dungeon (1/15)

Altars:


Innate Abilities, Weirdness & Mutations

You have sharp claws.
You have razor-sharp teeth.
You have supernaturally acute eyesight. (SInv)
You cover ground quickly. (Speed+)
You are covered in fur. (AC +1)
Your paws help you pounce on unaware monsters.
You are incapable of wielding weapons or throwing items.
You cannot wear armour.
You gain extra lives every three experience levels.


Message History

You scratch the dart slug.
The dart slug is moderately wounded.
The dart slug bites you.
You scratch the dart slug.
The dart slug is moderately wounded.
A quokka comes into view.
The hobgoblin closely misses you.
There are monsters nearby!
You scratch the dart slug but do no damage.
You bite the dart slug.
The dart slug is heavily wounded.
The hobgoblin barely misses you. The dart slug completely misses you.
There are monsters nearby!
You scratch the dart slug.
You kill the dart slug!
Trog accepts your kill. The hobgoblin hits you.
You are too injured to fight recklessly!
There are monsters nearby!
You are too injured to fight recklessly!
There are monsters nearby!
You are too injured to fight recklessly!
You see here 13 gold pieces.
You closely miss the hobgoblin. The hobgoblin misses you.
You closely miss the hobgoblin.
You claw the hobgoblin, but do no damage.
The quokka misses you. The hobgoblin misses you.
You closely miss the hobgoblin. You bite the hobgoblin.
The hobgoblin is almost dead.
The quokka misses you. The hobgoblin hits you.
You scratch the hobgoblin.
You kill the hobgoblin!
Trog accepts your kill. The quokka completely misses you.
You barely miss the quokka. The quokka barely misses you.
You closely miss the quokka. The quokka misses you. The quokka bites you.
* * * LOW HITPOINT WARNING * * *
You scratch the quokka but do no damage.
Your bite misses the quokka. The quokka bites you.
You die...

# .# ########.### ...........
####......... ##..##..##.#
#......†...## #..##.†.....##
#.##[@##........ #####.
##.r#.##.....
...##......#.....### #
#....##..##.##.## ###.
.....####†.# ####### ....###.
#....†..####.....### #.....##
#.......##...#.#...##
#.##...###.#######..###.###..#
#.......#......##..## #.# ##..


You could see a quokka.

Vanquished Creatures
  2 dart slugs (D:1)
  2 endoplasms (D:1)
  2 goblins (D:1)
  2 hobgoblins (D:1)
  A quokka (D:1)
  3 ball pythons (D:1)
  A bat (D:1)
  A kobold (D:1)
14 creatures vanquished.

Notes
Turn   | Place    | Note
-------+----------+-------------------------------------------
     0 | D:1      | MisterFreud the Felid Berserker began the quest for the
                  | Orb.
     0 | D:1      | Reached XP level 1. HP: 10/10 MP: 2/2
   183 | D:1      | Reached skill level 1 in Stealth
   389 | D:1      | Reached XP level 2. HP: 12/14 MP: 3/3
   513 | D:1      | Slain by a quokka

Illustrated notes

Levels and vault maps discovered:
D:1:      dpeg_arrival_central, layout_loops_ring, serial_rivers,
          chequers_serial_rivers_large_b, chequers_serial_rivers_room_a,
          chequers_serial_rivers_small_b, chequers_serial_rivers_small_a,
          minmay_close_crescents

Skill      XL: |  1  2 |
---------------+-------+-----
Stealth        | 1 2 |  2.3
Fighting       | |  3.0
Dodging        | |  4.0
Unarmed Combat | |  3.5

Action                   || total
-------------------------++-------
Melee: Unarmed           ||    34
       Bite              ||     4
       Punch             ||     2
 Stab: Sleeping          ||     1
Armor: Skin              ||     1
Dodge: Dodged            ||    32
